 Dungeon Crawl Stone Soup version 0.24.0-2-g5b39cebb1c (webtiles) character file.

Game seed: 17038419088477914475, levelgen mode: deterministic

112 mopl the Firebug (level 4, -2/27 HPs)
             Began as an Octopode Fire Elementalist on Oct 29, 2019.
             Slain by a gnoll
             ... wielding a +0 halberd
              (13 damage)
             ... on level 3 of the Dungeon.
             The game lasted 00:03:17 (2126 turns).

mopl the Firebug (Octopode Fire Elementalist)       Turns: 2126, Time: 00:03:18

Health: -2/27      AC:  1    Str:  7    XL:     4   Next: 95%
Magic:  8/8        EV: 13    Int: 18    God:
Gold:   45         SH:  0    Dex: 12    Spells: 1/9 levels left

rFire    . . .     SeeInvis .   a - +0 spear
rCold    . . .     Gourm    .   (no shield)
rNeg     . . .     Faith    .   (helmet restricted)
rPois    .         Spirit   .   (no amulet)
rElec    .         Reflect  .   h - ring of teleportation (curse)
rCorr    .         Harm     .   (no ring)
MR       .....     Rnd*Tele +   (no ring)
Stlth    +++.......             (no ring)
HPRegen  0.09/turn              (no ring)
MPRegen  0.11/turn              (no ring)
                                (no ring)
                                (no ring)

@: no status effects
A: almost no armour, stealthy swim, amphibious, 8 rings, constrict 8, camouflage
1, gelatinous body 1
a: no special abilities


You were on level 3 of the Dungeon.
You were not hungry.

You visited 1 branch of the dungeon, and saw 3 of its levels.

You collected 45 gold pieces.

Inventory:

Hand Weapons
 a - a +0 spear (weapon)
Missiles
 i - 7 javelins (quivered)
Armour
 j - a +0 shield
Jewellery
 h - a cursed ring of teleportation (left tentacle)
Potions
 b - a potion of might
 d - 2 potions of curing
 e - 2 potions of heal wounds {unknown}
 k - a potion of ambrosia {unknown}
Comestibles
 c - 4 rations


   Skills:
 - Level 2.0 Dodging
 - Level 2.6 Stealth
 + Level 3.0 Spellcasting
 + Level 2.6 Conjurations
 + Level 3.9 Fire Magic


You had one spell level left.
You knew the following spells:

 Your Spells              Type           Power        Failure   Level  Hunger
a - Flame Tongue          Conj/Fire      ##...        4%          1    None
c - Conjure Flame         Conj/Fire      ##......     12%         3    ###....
d - Sticky Flame          Conj/Fire      ##......     38%         4    ####...

Your spell library contained the following spells:

 Spells                   Type           Power        Failure   Level  Hunger
 Throw Flame              Conj/Fire      ##....       6%          2    ##.....
 Inner Flame              Hex/Fire       #.......     22%         3    ###....
 Fireball                 Conj/Fire      ##........   75%         5    ######.


Dungeon Overview and Level Annotations

Branches:
Dungeon (3/15)

Altars:
Nemelex Xobeh


Innate Abilities, Weirdness & Mutations

You cannot wear most types of armour.
You are very stealthy in the water. (Stealth+)
You are amphibious.
You can wear up to eight rings at the same time.
You can use your tentacles to constrict eight enemies at once.
Your skin changes colour to match your surroundings (Stealth+).
Your rubbery body absorbs attacks. (AC +1, EV +1)


Message History

As you read the scroll labeled MEAFRIFELIEX, it crumbles to dust.
It is a scroll of identify.
b - a potion of might Your surroundings suddenly seem different.
The gnoll hits you from afar with a halberd!
A gnoll comes into view.
The gnoll shouts!
Found 12 sling bullets, a club and a scroll of identify.
Found a stone staircase leading up.
An adder, a hobgoblin and 4 gnolls come into view.
Unknown command.
The hobgoblin shouts!
The gnoll hits you but does no damage.
The gnoll moves out of view.
You open the door. The gnoll hits you but does no damage. The gnoll misses you.
The gnoll closely misses you.
The gnoll hits you from afar with a +0 halberd.
The gnoll misses you.
There is an open door here.
The gnoll hits you from afar with a +0 halberd!
You die...

g... ...# ####
....# ..#
...?#
###.###....#
####.@........
#.g...).(..##
#.##g......#
#.#<.......#
#g####'#####
#g..g..#
########


You could see 2 gnolls.

Vanquished Creatures
  5 adders
  An ooze (D:1)
  A worm (D:2)
  A dart slug (D:2)
  A ball python (D:3)
  5 bats
  3 giant cockroaches
  6 goblins
  5 hobgoblins
  8 jackals
  10 kobolds
  A quokka (D:3)
  2 frilled lizards
  7 rats
56 creatures vanquished.

Notes
Turn   | Place    | Note
-------+----------+-------------------------------------------
     0 | D:1      | mopl the Octopode Fire Elementalist began the quest for the
                  | Orb.
     0 | D:1      | Reached XP level 1. HP: 11/11 MP: 3/3
    88 | D:1      | Reached XP level 2. HP: 13/17 MP: 5/5
   522 | D:1      | Reached XP level 3. HP: 7/21 MP: 1/6
   533 | D:1      | Learned a level 3 spell: Conjure Flame
  1155 | D:2      | Reached XP level 4. HP: 27/27 MP: 6/8
  1771 | D:2      | Learned a level 4 spell: Sticky Flame
  1779 | D:2      | Found a sparkling altar of Nemelex Xobeh.
  2126 | D:3      | Slain by a gnoll

Levels and vault maps discovered:
D:1:      minmay_arrival_loop, layout_loops_ring
D:2:      layout_loops_cross, nemelex_xobeh_ov_fountains_minmay, first_ration
D:3:      layout_basic, xom_redecorated

Skill      XL: |  1  2  3  4 |
---------------+-------------+-----
Conjurations   | 2 |  2.6
Spellcasting   | 3 |  3.0
Dodging        | |  2.0
Stealth        | |  2.6
Fire Magic     | |  3.9

Action                   |  1- 3 |  4- 6 || total
-------------------------+-------+-------++-------
Melee: Unarmed           |    11 |       ||    11
       Tentacles         |     6 |     4 ||    10
       Spear             |    55 |    61 ||   116
       Constrict         |    10 |    10 ||    20
 Cast: Flame Tongue      |    20 |    14 ||    34
       Conjure Flame     |       |     1 ||     1
  Use: Scroll            |       |     2 ||     2
       Potion            |       |     1 ||     1
 Stab: Sleeping          |     8 |     7 ||    15
  Eat: Chunk             |     1 |     3 ||     4
Armor: Skin              |     2 |     3 ||     5
Dodge: Dodged            |    50 |    32 ||    82
